 Dungeon Crawl Stone Soup version 0.27-a0-1434-g6f15984924 (webtiles) character file.

Game seed: 15017040968842848533

200 vurker the Gusty (level 5, -3/30 HPs)
             Began as a Tengu Air Elementalist on July 3, 2021.
             Was an Initiate of Vehumet.
             Killed from afar by an orc wizard (6 damage)
             ... with a magic dart
             ... on level 4 of the Dungeon.
             The game lasted 00:04:07 (4120 turns).

vurker the Gusty (Tengu Air Elementalist)           Turns: 4120, Time: 00:04:07

Health: -3/30      AC:  2    Str:  9    XL:     5   Next: 79%
Magic:  8/11       EV: 14    Int: 16    God:    Vehumet [......]
Gold:   98         SH:  0    Dex: 14    Spells: 6/11 levels left

rFire    . . .     SeeInvis .   i - +2 dagger (speed)
rCold    . . .     Faith    .   (no shield)
rNeg     . . .     Spirit   .   a - +0 robe
rPois    .         Reflect  .   (helmet restricted)
rElec    .         Harm     .   (no cloak)
rCorr    .         Rampage  .   (no gloves)
Will     .....                  (boots unavailable)
Stlth    ++........             e - amulet of magic regeneration
HPRegen  0.10/turn              (no ring)
MPRegen  0.37/turn              (no ring)

@: flying quickly and evasively, quick
A: beak, talons 3, nimble flight
a: Renounce Religion


You were on level 4 of the Dungeon.
You worshipped Vehumet.
Vehumet was noncommittal.
You visited 1 branch of the dungeon, and saw 4 of its levels.

You collected 98 gold pieces.

Inventory:

Hand Weapons
 i - a +2 dagger of speed (weapon)
   (You found it on level 2 of the Dungeon)
Armour
 a - a +0 robe (worn)
Jewellery
 e - an amulet of magic regeneration (around neck)
   (You found it on level 2 of the Dungeon)
Wands
 d - a wand of iceblast (10)
   (You found it on level 2 of the Dungeon)
Scrolls
 b - 4 scrolls of identify {unknown}
 c - 2 scrolls of enchant armour {unknown}
 j - a scroll of magic mapping {unknown}
 o - a scroll of holy word {unknown}
Potions
 f - 2 potions of heal wounds {unknown}
 g - 2 potions of curing {unknown}
 h - a potion of might {unknown}
 k - 3 potions of haste {unknown}
 l - a potion of flight {unknown}
 m - a potion of ambrosia {unknown}
 n - a potion of attraction {unknown}


   Skills:
 + Level 2.1 Fighting
 - Level 2.1 Dodging
 - Level 2.0 Stealth
 * Level 3.7 Spellcasting
 - Level 1.3 Conjurations
 * Level 6.0 Air Magic


You had 6 spell levels left.
You knew the following spells:

 Your Spells              Type           Power      Damage    Failure   Level
a - Shock                 Conj/Air       56%        1d6       3%          1
c - Airstrike             Air            11%        N/A       14%         4

Your spell library contained the following spells:

 Spells                   Type           Power      Damage    Failure   Level
 Swiftness                Air            22%        N/A       4%          3
 Static Discharge         Conj/Air       14%        N/A       6%          2
 Gell's Gravitas          Tloc           1%         N/A       45%         3
 Lesser Beckoning         Tloc           1%         N/A       45%         3
 Teleport Other           Tloc           2%         N/A       45%         3


Dungeon Overview and Level Annotations

Branches:
Dungeon (4/15)
 Temple: D:4-7

Altars:
Vehumet
The Shining One

Annotations:
D:3 exclusion: statue


Innate Abilities, Weirdness & Mutations

You have a beak for a mouth.
You have claws for feet.
Your magical nature lets you fly swiftly and evasively.


Message History

The zap hits the orc.
You kill the orc!
Vehumet accepts your kill.
The zap hits the orc.
Aim: an orc, wielding a +0 hand axe (almost dead, 71% to hit)
The zap hits the orc.
You kill the orc!
Vehumet accepts your kill.
You hear a shout!
An orc wizard comes into view. It is wielding a +0 dagger.
Aim: an orc wizard, wielding a +0 dagger and wearing a +0 robe (64% to hit)
The zap hits the orc wizard.
Aim: an orc wizard, wielding a +0 dagger and wearing a +0 robe (moderately wounded, 64% to hit)
The zap hits the orc wizard.
Aim: an orc wizard, wielding a +0 dagger and wearing a +0 robe (severely wounded, 64% to hit)
The zap misses the orc wizard.
Aim: an orc wizard, wielding a +0 dagger and wearing a +0 robe (severely wounded, 64% to hit)
The zap hits the orc wizard.
Aim: an orc wizard, wielding a +0 dagger and wearing a +0 robe (severely wounded, 64% to hit)
The zap misses the orc wizard.
The orc wizard gestures at you while chanting.
The magic dart hits you!
Aim: an orc wizard, wielding a +0 dagger and wearing a +0 robe (severely wounded, 64% to hit)
The zap misses the orc wizard.
The orc wizard gestures at you while chanting.
You resist with some effort.
Aim: an orc wizard, wielding a +0 dagger and wearing a +0 robe (severely wounded, 64% to hit)
The zap hits the orc wizard but does no damage.
Aim: an orc wizard, wielding a +0 dagger and wearing a +0 robe (severely wounded, 64% to hit)
The zap hits the orc wizard.
Unknown command.
The orc wizard gestures wildly while chanting.
The orc wizard flickers and vanishes!
Deactivating autopickup; reactivate with Ctrl-A.
A puff of flame appears from out of thin air!
The puff of flame misses you.
A puff of flame appears from out of thin air!
The puff of flame hits you!
* * * LOW HITPOINT WARNING * * *
A puff of flame appears from out of thin air!
The puff of flame hits you.
* * * LOW HITPOINT WARNING * * *
You see here a +0 club.
A puff of flame appears from out of thin air!
The puff of flame hits you.
* * * LOW HITPOINT WARNING * * *
There is a stone staircase leading up here.
A magic dart appears from out of thin air!
The magic dart hits you.
You die...

.#######.........##
. ##.......{...####
#......>.........
#................
#......).......##
#..............#
##..†..†......##
#..........###
#...@.....##
##.......##
#.......# ###.#..##
###..# ##.## #.##
##.# ##.##


There were no monsters in sight!

Vanquished Creatures
  Jessica (D:2)
  Robin (D:2)
  A gnoll (D:1)
  7 adders
  An ufetubus (D:4)
  A worm (D:2)
  A dart slug (D:1)
  2 orcs (D:4)
  5 ball pythons
  8 endoplasms
  2 giant cockroaches
  10 goblins
  8 hobgoblins
  6 jackals (D:2)
  10 bats
  4 frilled lizards
  8 kobolds
  3 rats
79 creatures vanquished.

Notes
Turn   | Place    | Note
-------+----------+-------------------------------------------
     0 | D:1      | vurker the Tengu Air Elementalist began the quest for the
                  | Orb.
     0 | D:1      | Reached XP level 1. HP: 10/10 MP: 4/4
   220 | D:1      | Reached XP level 2. HP: 16/16 MP: 3/6
   584 | D:1      | Reached XP level 3. HP: 20/20 MP: 1/7
   763 | D:1      | Reached skill level 1 in Fighting
  1535 | D:2      | Reached skill level 5 in Air Magic
  1549 | D:2      | Noticed Jessica
  1552 | D:2      | Killed Jessica
  1553 | D:2      | Reached XP level 4. HP: 25/25 MP: 2/9
  2034 | D:2      | Noticed Robin
  2042 | D:2      | Killed Robin
  2043 | D:2      | Gained mutation: Your magical nature lets you fly swiftly
                  | and evasively. [Tengu growth]
  2043 | D:2      | Reached XP level 5. HP: 30/30 MP: 4/10
  2073 | D:2      | Learned a level 4 spell: Airstrike
  2258 | D:2      | Found a faded altar of an unknown god.
  2426 | D:2      | Found a glowing golden altar of the Shining One.
  3558 | D:3      | Found a radiant altar of Vehumet.
  3558 | D:3      | Noticed a charred statue
  3792 | D:3      | Became a worshipper of Vehumet
  4063 | D:4      | Reached skill level 6 in Air Magic
  4120 | D:4      | Killed from afar by an orc wizard

Illustrated notes

Levels and vault maps discovered:
D:1:      psy_arrival_dodecagon, layout_basic
D:2:      layout_rooms, ebering_ecumenical_altar_webs, basic_altar, uniq_robin,
          uniq_jessica
D:3:      layout_basic, vehumet_statue
D:4:      cheibrodos_thug_alley, layout_cave_pods

Skill      XL: |  1  2  3  4  5 |
---------------+----------------+-----
Fighting       | 1 2 |  2.1
Air Magic      | 5 6 |  6.0
Spellcasting   | 3 |  3.7
Dodging        | |  2.1
Stealth        | |  2.0
Conjurations   | |  1.3

Action                   |  1- 3 |  4- 6 || total
-------------------------+-------+-------++-------
 Cast: Shock             |    76 |   128 ||   204
       Airstrike         |       |     1 ||     1
Armor: Robe              |     1 |     7 ||     8
Dodge: Dodged            |     6 |    40 ||    46

Table legend: (Time is in decaauts)
 A = Elapsed time spent in this place.
 B = Non-inter-level travel time spent in this place.
 C = Inter-level travel time spent in this place.
 D = Time resting spent in this place.
 E = Time spent auto-exploring this place.
 F = Levels seen in this place.
 G = Mean time per level.
                   A        B        C        D        E       F      G
               +--------+--------+--------+--------+--------+-----+--------+
         Total |   3987 |   3919 |     68 |    516 |   2957 |   4 |  996.8 |
       Dungeon |   3987 |   3919 |     68 |    516 |   2957 |   4 |  996.8 |
               +--------+--------+--------+--------+--------+-----+--------+

Top non-repeatable levels by time:
     D:1: 1801 daAuts
     D:3: 1191 daAuts
     D:2: 849 daAuts
     D:4: 145 daAuts
